 Dungeon Crawl Stone Soup version 0.32-a0-900-g30fb1b0edc (webtiles) character file.

Game seed: 12744728865569557562

244 Alarak the Trooper (level 6, -7/52 HPs)
             Began as a Barachi Hunter on Apr 5, 2024.
             Killed by divine providence
             ... invoked by an orc priest
              (13 damage)
             ... on level 4 of the Dungeon.
             The game lasted 00:07:35 (2482 turns).

Alarak the Trooper (Barachi Hunter)                 Turns: 2482, Time: 00:07:36

Health: -7/52      AC:  5    Str: 15    XL:     6   Next: 10%
Magic:  6/6        EV: 11    Int: 10    God:
Gold:   107        SH:  0    Dex: 17    Spells: 5/5 levels left

rFire   . . .        a - +1 shortbow
rCold   . . .        (shield currently unavailable)
rNeg    . . .        e - +0 leather armour of the Impish Swan {rPois Str+3}
rPois   +            g - +1 helmet
rElec   .            (no cloak)
rCorr   .            (no gloves)
SInv    .            (no boots)
Will    .....        (no amulet)
Stlth   ++           (no ring)
HPRegen 0.28/turn    (no ring)
MPRegen 0.10/turn

%: no passive effects
@: unable to hop, slow
A: amphibious, slowness 1, strong legs 1, +LOS
a: Hop, Convert to Beogh


You were on level 4 of the Dungeon.
You visited 1 branch of the dungeon, and saw 4 of its levels.

You collected 107 gold pieces.

Inventory:

Hand Weapons
 a - a +1 shortbow (weapon)
 j - a +1 dagger of venom
Armour
 c - a +0 leather armour
 e - the +0 leather armour of the Impish Swan (worn) {rPois Str+3}
   (You found it on level 3 of the Dungeon)

   Str+3:     It affects your strength (+3).
   rPois:     It protects you from poison.
 g - a +1 helmet (worn)
 m - a +0 ring mail
Magical Staves
 n - a staff of cold
Scrolls
 b - a scroll of butterflies
 i - a scroll of blinking {unknown}
Potions
 d - a potion of enlightenment
 f - a potion of heal wounds {unknown}
 h - a potion of degeneration {unknown}
 k - a potion of curing {unknown}
 l - a potion of lignification {unknown}


   Skills:
 - Level 6.0 Fighting
 + Level 5.4 Ranged Weapons
 - Level 2.1 Dodging
 - Level 0.8 Stealth


You had 5 spell levels left.
You didn't know any spells.
Your spell library contained the following spells:

 Spells                   Type           Power      Damage    Failure   Level
 Apportation              Tloc           0%         N/A       43%         1
 Jinxbite                 Hex            0%         N/A       56%         2
 Alistair's Intoxication  Alch           0%         N/A       100%        5


Dungeon Overview and Level Annotations

Branches:
Dungeon (4/15)
 Temple: D:4-7

Altars:


Innate Abilities, Weirdness & Mutations

You are amphibious.
You cover ground slowly.
You can hop short distances.
You have an extended range of vision and can be seen from far away.


Message History

You shoot an arrow. The arrow hits the hound.
The hound is almost dead.
The hound bites you.
You shoot an arrow. The arrow barely misses the hound.
The hound closely misses you. The hound bites you.
You shoot an arrow. The arrow closely misses the hound.
The hound closely misses you. The hound bites you.
You shoot an arrow. The arrow hits the hound.
You kill the hound!
You have reached level 6!
You start resting.
You are ready to hop once more.
You start resting.
An orc warrior is nearby!
You shoot an arrow. The orc warrior shouts!
The arrow hits the orc warrior.
The orc warrior is lightly wounded.
The orc warrior unwields a +0 mace.
The orc warrior wields a +0 orcbow of flaming.
It bursts into flame!
The orc warrior shoots an arrow.
The arrow closely misses you.
You shoot an arrow.
The arrow closely misses the orc warrior.
The orc priest shouts!
The orc priest shouts, "Surrender to Beogh and we'll let you live!" (press Y on the ability menu to convert to Beogh)
You shoot an arrow. The arrow hits the orc warrior.
The orc warrior is moderately wounded.
The orc warrior shoots an arrow.
The arrow closely misses you.
Hop to where?
Press: ? - help, Q - select action, (/) - cycle Dir - move target, p - orc warrior Boing!
The orc warrior shoots an arrow.
The arrow hits you! The arrow burns you.
The orc priest mumbles some strange prayers to Beogh against you.
Pain shoots through your body!
* * * LOW HITPOINT WARNING * * *
The orc priest calls down the wrath of Beogh upon you.
Beogh smites you!
You die...

'.#.# #.#.# #.#.#########
#### #.#......... .......
#.........####.......
#.....>......#.......
#.(..........#.......
#....................
#........@)..........
#######+...#................
...........#...............<
..##...†....................
#........o###............
............o....[.)........
......#................##...
......#.###...o.........+ ..
......#.# ..o..........##


You could see 2 orc priests.

Vanquished Creatures
  2 hounds (D:4)
  A bombardier beetle (D:3)
  A sleepcap (D:3)
  5 adders
  2 ribbon worms
  2 dart slugs
  3 orcs (D:3)
  9 endoplasms
  A giant cockroach (D:1)
  16 goblins
  6 hobgoblins
  9 kobolds
  2 quokkas
  5 ball pythons
  3 bats
  A frilled lizard (D:1)
  5 rats
73 creatures vanquished.

Notes
Turn   | Place    | Note
-------+----------+-------------------------------------------
     0 | D:1      | Alarak the Barachi Hunter began the quest for the Orb.
     0 | D:1      | Reached XP level 1. HP: 17/17 MP: 1/1
    33 | D:1      | Reached skill level 3 in Fighting
    65 | D:1      | Reached XP level 2. HP: 20/24 MP: 2/2
   281 | D:1      | Reached skill level 4 in Fighting
   350 | D:1      | Reached XP level 3. HP: 30/30 MP: 3/3
   978 | D:2      | Reached skill level 5 in Fighting
  1012 | D:2      | Reached XP level 4. HP: 39/39 MP: 4/4
  1557 | D:3      | Reached skill level 6 in Fighting
  1670 | D:3      | Reached XP level 5. HP: 46/46 MP: 5/5
  1761 | D:3      | Found a faded altar of an unknown god.
  1871 | D:3      | Identified the +0 leather armour of the Impish Swan {rPois
                  | Str+3}
  2337 | D:4      | Noticed an orc warrior
  2456 | D:4      | Reached skill level 5 in Ranged Weapons
  2465 | D:4      | Reached XP level 6. HP: 29/52 MP: 6/6
  2482 | D:4      | Killed from afar by an orc priest

Illustrated notes

Levels and vault maps discovered:
D:1:      evilmike_arrival_fibonacci_small, layout_basic,
          chequers_hall_statues_corner_a
D:2:      layout_basic
D:3:      layout_loops_ring, hellmonk_ecumenical_altar_leap_of_faith
D:4:      minmay_razor_zed, layout_basic, mainiacjoe_overflow_boulevard,
          minmay_misc_feat_roman, kennysheep_diamond, minivault_11,
          nicolae_grassy_gnolls

Skill      XL: |  1  2  3  4  5 |
---------------+----------------+-----
Fighting       | 3 4 5 6 |  6.0
Ranged Weapons | 5 |  5.4
Dodging        | |  2.1
Stealth        | |  0.8

Action                     |  1- 3 |  4- 6 || total
---------------------------+-------+-------++-------
   Fire: Shortbow          |   113 |   125 ||   238
Ability: Hop               |     4 |     9 ||    13
    Use: Scroll            |     1 |     3 ||     4
 Armour: Leather armour    |    15 |    45 ||    60
  Dodge: Dodged            |    22 |    35 ||    57

Table legend: (Time is in decaauts)
 A = Elapsed time spent in this place.
 B = Non-inter-level travel time spent in this place.
 C = Inter-level travel time spent in this place.
 D = Time resting spent in this place.
 E = Time spent auto-exploring this place.
 F = Levels seen in this place.
 G = Mean time per level.
                   A        B        C        D        E       F      G
               +--------+--------+--------+--------+--------+-----+--------+
         Total |   2896 |   2735 |    161 |    266 |   1979 |   4 |  724.0 |
       Dungeon |   2896 |   2735 |    161 |    266 |   1979 |   4 |  724.0 |
               +--------+--------+--------+--------+--------+-----+--------+

Top non-repeatable levels by time:
     D:3: 1008 daAuts
     D:2: 906 daAuts
     D:1: 888 daAuts
     D:4: 93 daAuts
